 Dungeon Crawl Stone Soup version 0.18-a0-1748-g7377c14 (webtiles) character file.

315 Geeful the Chiller (level 6, -5/36 HPs)
             Began as an Octopode Ice Elementalist on Apr 12, 2016.
             Killed from afar by Blork the orc (12 damage)
             ... with a puff of frost
             ... on level 4 of the Dungeon.
             The game lasted 00:18:35 (4666 turns).

Geeful the Chiller (Octopode Ice Elementalist)      Turns: 4666, Time: 00:18:35

Health: -5/36      AC:  6    Str:  8    XL:     6   Next: 43%
Magic:  11/11      EV: 13    Int: 19    God:
Gold:   162        SH:  0    Dex: 12    Spells: 3 memorised, 3 levels left

rFire  . . .     SeeInvis +     a - +2 dagger (flame)
rCold  . . .     Gourm    .     (no shield)
rNeg   . . .     Faith    .     (helmet restricted)
rPois  .         Spirit   .     (no amulet)
rElec  .         Dismiss  .     c - ring of sustain attributes
rCorr  +         Reflect  .     n - ring of resist corrosion
SustAt +         Harm     .     p - +1 ring of evasion
MR     .....                    r - ring of see invisible
Stlth  +++.......               (no ring)
                                (no ring)
                                (no ring)
                                (no ring)

@: icy armour, very slightly contaminated, hasted, drained, very quick, not
resistant to hostile enchantments, fairly stealthy
A: almost no armour, amphibious, 8 rings, constrict 8, camouflage 1, gelatinous
body 1
a: no special abilities


You were on level 4 of the Dungeon.
You were hungry.

You visited 1 branch of the dungeon, and saw 4 of its levels.

You collected 162 gold pieces.

Inventory:

Hand Weapons
 a - a +2 dagger of flaming (weapon)
 b - a +2 dagger of freezing
Missiles
 v - 19 poisoned needles
Jewellery
 c - a ring of sustain attributes (left tentacle)
 n - a ring of resist corrosion (right tentacle)
 p - a +1 ring of evasion (on tentacle)
 r - a ring of see invisible (on tentacle)
Wands
 e - a wand of teleportation (6/9)
Scrolls
 d - a scroll of amnesia
 f - 2 scrolls of fog {unknown}
 j - a scroll of noise
 l - 3 scrolls of remove curse
 y - 2 scrolls of magic mapping
Potions
 h - 2 potions of curing
Books
 o - a book of Frost

   Spells                             Type                      Level
   a - Freeze                         Ice                          1
   b - Throw Frost                    Conjuration/Ice              2
   c - Ozocubu's Armour               Charms/Ice                   3
   d - Throw Icicle                   Conjuration/Ice              4
   e - Summon Ice Beast               Ice/Summoning                4
Comestibles
 g - a royal jelly
 i - 3 bread rations
 k - 3 fruits
 q - a meat ration
 s - 2 slices of pizza


   Skills:
 + Level 3.7(2.7) Dodging
 - Level 2.6(1.7) Stealth
 + Level 3.3(2.4) Spellcasting
 - Level 1.0(0.1) Conjurations
 * Level 5.4(4.4) Ice Magic


You had 3 spell levels left.
You knew the following spells:

 Your Spells              Type           Power        Failure   Level  Hunger
a - Freeze                Ice            ###.         2%          1    #......
b - Ozocubu's Armour      Chrm/Ice       ##......     21%         3    ###....
c - Throw Icicle          Conj/Ice       ##......     75%         4    #####..


Dungeon Overview and Level Annotations

Branches:
Dungeon (4/15)
 Temple: D:4-7

Altars:
Ashenzari
Cheibriados
Fedhas
Ru

Annotations:
D:4 Blork the orc


Innate Abilities, Weirdness & Mutations

You cannot wear most types of armour.
You are amphibious.
You can wear up to eight rings at the same time.
You can use your tentacles to constrict eight enemies at once.
Your skin changes colour to match your surroundings (Stealth).
Your rubbery body absorbs attacks (AC +1).


Message History

The heat melts your icy armour.
Casting: Ozocubu's Armour
Confirm with . or Enter, or press ? or * to list all spells.
Okay, then.
You hit Blork the orc but do no damage. Your grab misses Blork the orc.
Blork the orc is moderately wounded.
Blork the orc hits you with a glaive!
* * * LOW HITPOINT WARNING * * *
Blork the orc sings a few bars from the Orcish anthem.
Blork the orc gestures wildly while chanting.
Blork the orc seems to speed up.
Blork the orc miscasts a cantrip.
Blork the orc screams, "I'm much stronger than you!"
Blork the orc casts a spell at you. The puff of flame misses you.
You are feeling hungry.
You see here a robe.
Blork the orc points at you and mumbles some strange words.
The puff of frost hits you!
You die...

#................###'###..# ###
#................###_'....###.#
#.............)..###'###......#.
##############÷#.# #.# #....#.#.
#####(#.###.###..###.#.
###########..†()#..............#.
............######...##.#.######.
............######.####.#........
>...............@................
.........).<#.####[####.#...###.#
...........##[# #..o...#...# #..
.....####...#.# ########...# #..
.....####.#.#.# #...# #..
........#.#.#.# #...# #o.
###.....#.....##### #...# #..
#.....##.......... #...# ###
########.......... #...# #


You could see Blork the orc.

Vanquished Creatures
  The ghost of HermannLoens the Cutter, an amateur DsEn (D:3)
  An orc wizard (D:4)
  An iguana (D:3)
  A hound zombie (D:4)
  Robin (D:4)
  6 adders
  2 worms (D:2)
  3 dart slugs
  4 giant geckos
  10 orcs
  A giant cockroach (D:2)
  11 hobgoblins
  A ball python (D:3)
  7 bats
  11 giant newts (D:2)
  15 goblins
  7 kobolds
  5 rats
88 creatures vanquished.

Notes
Turn   | Place    | Note
--------------------------------------------------------------
     0 | D:1      | Geeful the Octopode Ice Elementalist began the quest for the Orb.
     0 | D:1      | Reached XP level 1. HP: 11/11 MP: 3/3
   313 | D:1      | Reached XP level 2. HP: 5/17 MP: 3/5
   935 | D:1      | Found a snail-covered altar of Cheibriados.
  1268 | D:2      | Reached XP level 3. HP: 21/21 MP: 4/6
  1274 | D:2      | Learned a level 3 spell: Ozocubu's Armour
  1431 | D:2      | Reached skill level 4 in Ice Magic
  1678 | D:2      | Found a sacrificial altar of Ru.
  1691 | D:2      | Reached XP level 4. HP: 26/27 MP: 7/7
  2602 | D:2      | Learned a level 4 spell: Throw Icicle
  2738 | D:3      | Noticed HermannLoens's ghost (amateur DsEn)
  2788 | D:3      | Killed HermannLoens's ghost
  2788 | D:3      | Reached XP level 5. HP: 13/31 MP: 0/9
  3170 | D:3      | Reached skill level 5 in Ice Magic
  3260 | D:3      | Noticed a hungry ghost
  3384 | D:2      | Reached XP level 6. HP: 19/36 MP: 10/10
  4294 | D:4      | Found a blossoming altar of Fedhas.
  4337 | D:4      | Found a shattered altar of Ashenzari.
  4352 | D:4      | Noticed Robin
  4384 | D:4      | Killed Robin
  4625 | D:4      | Noticed Blork the orc
  4666 | D:4      | Killed from afar by Blork the orc

Vault maps used:
D:1:      co_arrival_random_square_maze, cheibriados_altar_1
D:2:      nicolae_overflow_crystal_walls, first_bread, minmay_lizard_king
D:4:      lemuel_doored_altar, kennysheep_mini_moat, overflow_temple_1_default,
          zin_treasury, uniq_blork_the_orc, uniq_robin, uniq_sigmund

Skill      XL: |  1  2  3  4  5 |
---------------+----------------+-----
Ice Magic      | 4 5 |  5.4
Dodging        | 3 |  3.7
Spellcasting   | 3 |  3.3
Stealth        | |  2.6
Conjurations   | |  1.0

Action                   |  1- 3 |  4- 6 || total
-------------------------+-------+-------++-------
Melee: Dagger            |    53 |   134 ||   187
       Constrict         |    13 |    25 ||    38
       Unarmed           |     2 |       ||     2
       Tentacles         |     8 |    19 ||    27
 Cast: Freeze            |     9 |    26 ||    35
       Ozocubu's Armour  |       |     5 ||     5
Evoke: Club              |       |     5 ||     5
  Use: Scroll            |     6 |     9 ||    15
       Potion            |       |     3 ||     3
 Stab: Sleeping          |    14 |     9 ||    23
  Eat: Chunk             |     2 |    13 ||    15
       Meat ration       |       |     1 ||     1
Armor: Skin              |     6 |    23 ||    29
Dodge: Dodged            |    26 |    75 ||   101
